 Dungeon Crawl Stone Soup version 0.31.0-11-ge490571c62 (webtiles) character file.

Game seed: 11411644871583620339

56 qw the Shooter (level 3, 0/20 HPs)
             Began as a Deep Elf Hunter on Feb 4, 2024.
             Succumbed to their own poison gas
             ... on level 2 of the Dungeon.
             The game lasted 00:00:04 (1335 turns).

qw the Shooter (Deep Elf Hunter)                    Turns: 1335, Time: 00:00:04

Health: 0/20       AC:  6    Str: 10    XL:     3   Next: 69%
Magic:  4/5        EV: 11    Int: 13    God:
Gold:   133        SH:  0    Dex: 18    Spells: 2/2 levels left

rFire   . . .        a - +0 shortbow
rCold   . . .        (shield currently unavailable)
rNeg    . . .        h - +1 ring mail
rPois   .            (no helmet)
rElec   .            (no cloak)
rCorr   .            (no gloves)
SInv    .            (no boots)
Will    .....        d - amulet of guardian spirit
Stlth   +            (no ring)
HPRegen 0.23/turn    (no ring)
MPRegen 0.09/turn

%: guardian spirit
@: lethally poisoned (0 -> -10)
A: no striking features
a: no special abilities


You were on level 2 of the Dungeon.
You visited 1 branch of the dungeon, and saw 2 of its levels.

You collected 133 gold pieces.


   Skills:
 - Level 1.5 Fighting
 + Level 7.2 Ranged Weapons
 - Level 2.4 Dodging
 - Level 1.2 Stealth


You had 2 spell levels left.
You didn't know any spells.
Your spell library was empty.

Inventory:

Hand Weapons
 a - a +0 shortbow (weapon)
Armour
 h - a +1 ring mail (worn)
Jewellery
 d - an amulet of guardian spirit (around neck)
Scrolls
 f - a scroll of teleportation
Potions
 b - a potion of attraction {unknown}
 e - a potion of lignification {unknown}

Dungeon Overview and Level Annotations

Branches:
Dungeon (2/15)

Altars:
Kikubaaqudgha


Message History

1319 ||| UPGRADING to +0 ring mail.
You start removing your armour.
You continue taking off your +0 leather armour. x4
You finish taking off your +0 leather armour.
You start putting on your armour.
You continue putting on your +0 ring mail. x5
You finish putting on your +0 ring mail.
1329 ||| DROPPING +0 leather armour.
You drop a +0 leather armour.
Done exploring.
1330 ||| READING scroll labelled ARHALA HUIQO.
As you read the scroll labelled ARHALA HUIQO, it crumbles to dust.
It is a scroll of enchant armour.
1330 ||| ENCHANTING +0 ring mail.
Your +0 ring mail glows green for a moment.
Done exploring.
1331 ||| READING scroll labelled YSEURA NIUCE.
The air fills with toxic fumes!
As you read the scroll labelled YSEURA NIUCE, it crumbles to dust.
It was a scroll of poison.
Done exploring.
What level of the Dungeon? (default 2, ? - help) Sorry, I don't know how to get there.
Enter note:
Enter note:
Enter note:
Enter note:
Enter note:
Enter note:
Enter note:
Enter note:
Enter note: You are engulfed in poison gas.
You are lethally poisoned!
You feel very sick.
1333 ||| Stepping ~*~*~tactically~*~*~ (cloud).
You feel very sick.
You see here a +0 leather armour.
There is a lethal amount of poison in your body!
You feel very sick.
There is a lethal amount of poison in your body!
You die...

#.# ######..# #.#
#.......#
###.######.####..#
#¤¤........####...
#¤#.#####.........
#¤#.# ##...###.##
#¤#.####..#..##.#
####¤#......###....#
#¤¤¤@######..#..####
#¤#### ##...## #.#
##.## #.# #.# #.#
#.####### #.#
#........ #.#
#.#######
#####.###########.##
#<............##...#


There were no monsters in sight!

Vanquished Creatures
  A ribbon worm (D:2)
  2 dart slugs
  4 endoplasms
  3 giant cockroaches
  4 goblins
  2 hobgoblins (D:1)
  8 jackals
  7 kobolds
  6 ball pythons
  A bat (D:2)
  2 frilled lizards (D:1)
  3 rats
43 creatures vanquished.

Notes
Turn   | Place    | Note
-------+----------+-------------------------------------------
     0 | D:1      | qw the Deep Elf Hunter began the quest for the Orb.
     0 | D:1      | Reached XP level 1. HP: 12/12 MP: 3/3
     0 | D:1      | 0 ||| qw: Version: 0.3-a-160-g6735b56
     0 | D:1      | 0 ||| qw: Game counter: 4671
     0 | D:1      | 0 ||| qw: Melee chars always use a shield: true
     0 | D:1      | 0 ||| qw: God list: Okawaru
     0 | D:1      | 0 ||| qw: Allow faded altars: false
     0 | D:1      | 0 ||| qw: Do Orc after clearing Dungeon:15 true
     0 | D:1      | 0 ||| qw: Do second Lair branch before Depths: true
     0 | D:1      | 0 ||| qw: Lair rune preference: random
     0 | D:1      | 0 ||| qw: Goals: Normal
     0 | D:1      | 0 ||| PLANNING D:1-11
    95 | D:1      | Reached XP level 2. HP: 16/16 MP: 4/4
   119 | D:1      | Reached skill level 6 in Ranged Weapons
   607 | D:1      | Reached XP level 3. HP: 20/20 MP: 5/5
   754 | D:1      | 754 ||| UPGRADING to amulet of guardian spirit.
   759 | D:1      | 759 ||| READING 2 scrolls labelled QIWKEG MYUTESOK.
   764 | D:1      | 764 ||| READING scroll labelled AFUOLOTYPA.
   765 | D:1      | 765 ||| DROPPING scroll of butterflies.
   880 | D:2      | 880 ||| FLEEEEING.
   983 | D:2      | Reached skill level 7 in Ranged Weapons
  1167 | D:2      | Found an ancient bone altar of Kikubaaqudgha.
  1319 | D:2      | 1319 ||| UPGRADING to +0 ring mail.
  1329 | D:2      | 1329 ||| DROPPING +0 leather armour.
  1330 | D:2      | 1330 ||| READING scroll labelled ARHALA HUIQO.
  1330 | D:2      | 1330 ||| ENCHANTING +0 ring mail.
  1331 | D:2      | 1331 ||| READING scroll labelled YSEURA NIUCE.
  1333 | D:2      | 1333 ||| Stepping ~*~*~tactically~*~*~ (cloud).
  1334 | D:2      | HP: 3/20 [poisoned by you (poison gas)]
  1335 | D:2      | Succumbed to their own poison gas

Levels and vault maps discovered:
D:1:      spicycebolla_arrival_ecumenical, layout_basic
D:2:      layout_loops_ring, basic_altar

Skill      XL: |  1  2  3 |
---------------+----------+-----
Ranged Weapons | 6 7 |  7.2
Fighting       | |  1.5
Dodging        | |  2.4
Stealth        | |  1.2

Action                     || total
---------------------------++-------
   Fire: Shortbow          ||   109
    Use: Scroll            ||     4
 Armour: Leather armour    ||    16
  Dodge: Dodged            ||    26

Table legend:
 A = Non-vault XP
 B = Vault XP
 C = Vault XP percentage of total XP
 D = Non-vault monster count
 E = Vault monster count
 F = Vault count percentage of total count
                 A         B        C        D         E       F
            +---------+---------+-------+---------+---------+-------
      Total |      80 |       0 |   0.0 |      43 |       0 |   0.0
            +---------+---------+-------+---------+---------+-------
        D:1 |      47 |       0 |   0.0 |      27 |       0 |   0.0
        D:2 |      33 |       0 |   0.0 |      16 |       0 |   0.0
            +---------+---------+-------+---------+---------+-------
